 Dungeon Crawl Stone Soup version 0.21-a0-442-g848f44b (webtiles) character file.

18 kae the Firebug (level 2, -6/15 HPs)
             Began as a Tengu Fire Elementalist on Nov 12, 2017.
             Mangled by Natasha (8 damage)
             ... on level 1 of the Dungeon.
             The game lasted 00:00:41 (866 turns).

kae the Firebug (Tengu Fire Elementalist)            Turns: 866, Time: 00:00:42

Health: -6/15      AC:  2    Str:  8    XL:     2   Next: 66%
Magic:  12/15      EV: 12    Int: 15    God:
Gold:   23         SH:  0    Dex: 14    Spells: 4/5 levels left

rFire    . . .     SeeInvis .   i - -3 dagger (curse)
rCold    . . .     Gourm    .   (no shield)
rNeg     . . .     Faith    .   a - +0 robe
rPois    .         Spirit   .   (helmet restricted)
rElec    .         Reflect  .   (no cloak)
rCorr    .         Harm     .   (no gloves)
MR       .....                  (boots unavailable)
Stlth    ++........             (no amulet)
HPRegen  0.05/turn              l - ring of magical power
MPRegen  0.14/turn              (no ring)

@: slowed, very slow
A: beak, talons 3
a: no special abilities


You were on level 1 of the Dungeon.
You were not hungry.

You visited 1 branch of the dungeon, and saw 2 of its levels.

You collected 23 gold pieces.

Inventory:

Hand Weapons
 i - a cursed -3 dagger (weapon)
Armour
 a - a +0 robe (worn)
Jewellery
 l - a ring of magical power (left hand)
Scrolls
 d - a scroll of enchant weapon {unknown}
 f - 2 scrolls of identify {unknown}
 h - a scroll of immolation {unknown}
 j - a scroll of teleportation {unknown}
 k - a scroll of magic mapping {unknown}
Potions
 e - a potion of berserk rage {unknown}
 g - a potion of degeneration {unknown}
 m - a potion of invisibility {unknown}
Books
 b - a book of Flames

   Spells                             Type                      Level
   a - Flame Tongue                   Conjuration/Fire             1
   b - Throw Flame                    Conjuration/Fire             2
   c - Conjure Flame                  Conjuration/Fire             3
   d - Inner Flame                    Hexes/Fire                   3
   e - Sticky Flame                   Conjuration/Fire             4
   f - Fireball                       Conjuration/Fire             5
Comestibles
 c - 2 bread rations


   Skills:
 - Level 2.1 Dodging
 - Level 2.0 Stealth
 + Level 2.3 Spellcasting
 + Level 2.3 Conjurations
 + Level 3.6 Fire Magic


You had 4 spell levels left.
You knew the following spells:

 Your Spells              Type           Power        Failure   Level  Hunger
a - Flame Tongue          Conj/Fire      ##...        6%          1    #......


Dungeon Overview and Level Annotations

Branches:
Dungeon (2/15)

Altars:

Annotations:
D:1 Natasha


Innate Abilities, Weirdness & Mutations

You have a beak for a mouth.
You have claws for feet.


Message History

Casting: Flame Tongue
Confirm with . or Enter, or press ? or * to list all spells.
Aiming: Flame Tongue
Press: ? - help, Shift-Dir - straight line, f/p - Natasha
Aim: Natasha (moderately wounded)
The flame tongue hits Natasha.
Natasha is heavily wounded.
Natasha claws you. The goblin hits you. Natasha closely misses you.
Casting: Flame Tongue
Confirm with . or Enter, or press ? or * to list all spells.
Aiming: Flame Tongue
Press: ? - help, Shift-Dir - straight line, f/p - Natasha
Aim: Natasha (heavily wounded)
The flame tongue hits Natasha.
Natasha is severely wounded.
The goblin hits you.
* * * LOW HITPOINT WARNING * * *
Natasha claws you!
Ouch! That really hurt!
You die...

..##..### #..#
..#...## #.##
..#....## #.# #####
.#####..# #.# #...#
##.####.# #.####...#
.#...##.####.#......#
##...##.............#
#....##.........#####
#..............h@##
#....#.........g..#
##................#
#...#............#
##...#...........##
#....###....#...##
....).#..#......##
.####............##
......#...........#


You could see Natasha and a goblin.

Vanquished Creatures
  A dart slug (D:1)
  A leopard gecko (D:1)
  A giant cockroach (D:1)
  3 goblins (D:1)
  3 kobolds (D:1)
  2 bats (D:1)
  2 frilled lizards (D:1)
  A rat (D:1)
14 creatures vanquished.

Notes
Turn   | Place    | Note
-------+----------+-------------------------------------------
     0 | D:1      | kae the Tengu Fire Elementalist began the quest for the Orb.
     0 | D:1      | Reached XP level 1. HP: 10/10 MP: 4/4
   287 | D:1      | Reached XP level 2. HP: 15/15 MP: 4/6
   856 | D:2      | Noticed Natasha
   866 | D:1      | Mangled by Natasha

Vault maps used:
D:1:      nzn_arrival_settlement, minmay_tree_intersection
D:2:      old_standard_altar, minmay_misc_feat_nine_boxes, uniq_robin,
          uniq_jessica, uniq_natasha

Skill      XL: |  1  2 |
---------------+-------+-----
Conjurations   | 2 |  2.3
Dodging        | |  2.1
Stealth        | |  2.0
Spellcasting   | |  2.3
Fire Magic     | |  3.6

Action                   || total
-------------------------++-------
Melee: Unarmed           ||     8
       Kick              ||     2
       Peck              ||     1
       Dagger            ||     3
 Cast: Flame Tongue      ||    25
Armor: Robe              ||     6
Dodge: Dodged            ||    18

Table legend:
 A = Spawn XP
 B = Non-spawn XP
 C = Spawn XP percentage of total XP
 D = Spawn monster count
 E = Non-spawn monster count
 F = Spawn count percentage of total count
 G = Total turns spent on level
                    A         B        C        D         E        F      G
               +---------+---------+-------+---------+---------+-------+---------
         Total |       0 |      26 |   0.0 |       0 |      14 |   0.0 |   866
               +---------+---------+-------+---------+---------+-------+---------
           D:1 |       0 |      26 |   0.0 |       0 |      14 |   0.0 |   859
               +---------+---------+-------+---------+---------+-------+---------
